Map: Alcyone LE

Players

Matvey

  • Race: Protoss Protoss
  • League: Master
  • Spawn Location: 1:00

NoSauce - Winner!

  • Race: Zerg Zerg
  • League: Grandmaster
  • Spawn Location: 7:00

VOD

Have the link to the VOD?

Description

Time

  • Played on: Aug. 1, 2024, 11:11 a.m.
  • Length: 7:40
Show
View Real Time Build Order
Export as new Build Order

Matvey Protoss 

Build Orders: 1 Gate Expand 

Get SALT Encoding   

  12  0:04  Probe  
  13  0:16  Probe  
  14  0:27  Pylon  
  14  0:28  Probe  
  15  0:36  Assimilator  
  15  0:45  Gateway, Probe (Chrono Boost)  
  16  0:55  Probe (Chrono Boost)  
  17  1:00  Probe (Chrono Boost)  
  18  1:11  Probe  
  19  1:23  Probe  
  20  1:36  Cybernetics Core  
  20  1:41  Nexus  
  20  1:44  Probe  
  21  1:51  Pylon  
  21  1:56  Probe  
  21  1:59  Assimilator  
  22  2:08  Probe  
  23  2:11  Adept (Chrono Boost)  
  25  2:20  Twilight Council  
  25  2:22  Probe  
  26  2:24  Warp Gate  
  26  2:34  Probe (Chrono Boost), Adept (Chrono Boost)  
  29  2:46  Probe (Chrono Boost)  
  30  2:51  Probe (Chrono Boost)  
  30  2:57  Probe  
  32  3:01  Probe, Adept (Chrono Boost)  
  35  3:09  Probe  
  36  3:13  Probe  
  35  3:22  Resonating Glaives, Probe (Chrono Boost)  
  37  3:27  Probe (Chrono Boost), Adept  
  37  3:34  Probe (Chrono Boost)  
  40  3:35  Gateway  
  40  3:40  Pylon  
  41  3:42  Probe x2 (Chrono Boost)  
  41  3:48  Probe  
  42  3:49  Probe  
  42  3:53  Gateway  
  44  4:00  Probe  
  44  4:01  Probe  
  46  4:12  Probe  
  46  4:13  Probe, Adept  
  46  4:15  Nexus  
  50  4:18  Pylon  
  50  4:25  Probe  
  50  4:26  Probe  
  50  4:27  Robotics Facility  
  52  4:34  Pylon  
  52  4:36  Adept  
  52  4:37  Adept  
  56  4:41  Assimilator  
  56  4:43  Assimilator, Probe x2  
  58  4:48  Adept  
  58  4:50  Pylon  
  60  4:56  Probe x2  
  62  5:00  Adept x2  
  62  5:03  Shield Battery  
  66  5:08  Probe x2  
  66  5:10  Pylon  
  68  5:14  Adept  
  70  5:21  Immortal (Chrono Boost)  
  70  5:26  Adept  
  66  5:39  Adept x2  
  66  5:42  Probe x2  
  72  5:47  Probe  
  67  5:51  Adept  
  67  5:54  Probe, Immortal (Chrono Boost)  
  67  5:55  Probe  
  75  5:59  Shield Battery, Probe  
  76  6:06  Probe  
  76  6:07  Sentry x2, Probe  
  82  6:11  Probe  
  82  6:14  Shield Battery  
  82  6:16  Pylon  
  83  6:19  Probe x2  
  83  6:20  Forge  
  83  6:23  Probe  
  83  6:24  Adept  
  88  6:27  Immortal (Chrono Boost)  
  88  6:30  Adept  
  88  6:31  Adept  
  96  6:35  Probe  
  74  6:48  Stalker  
  74  6:51  Stalker x2  
  73  6:57  Gateway  
  73  6:58  Gateway  
  73  7:01  Pylon  
  70  7:02  Immortal (Chrono Boost)  
  70  7:18  Pylon  
  70  7:19  Stalker x2  
  66  7:30  Cybernetics Core  
Show
View Real Time Build Order
Export as new Build Order

NoSauce Zerg - Winner!

Build Orders: Hatch First 

Get SALT Encoding   

  12  0:00  Drone  
  13  0:13  Overlord  
  13  0:20  Drone  
  14  0:33  Drone x2  
  16  0:47  Hatchery  
  15  0:52  Drone  
  15  0:54  Drone  
  17  0:57  Drone  
  18  1:08  Extractor  
  17  1:12  Spawning Pool  
  17  1:16  Drone  
  17  1:19  Drone  
  18  1:29  Drone  
  19  1:43  Drone  
  20  1:53  Drone  
  21  2:00  Queen x2  
  21  2:01  Zergling x2  
  26  2:04  Overlord  
  26  2:10  Drone  
  26  2:13  Metabolic Boost  
  26  2:15  Drone  
  28  2:23  Drone x2  
  30  2:33  Hatchery  
  30  2:35  Drone  
  30  2:41  Overlord  
  30  2:43  Zergling x2  
  31  2:47  Zergling x2  
  32  2:54  Queen, Drone  
  35  3:00  Drone  
  36  3:11  Drone  
  36  3:12  Drone  
  37  3:14  Drone x2  
  38  3:21  Drone x3  
  41  3:30  Queen  
  41  3:34  Overlord  
  43  3:37  Roach Warren  
  43  3:39  Drone  
  43  3:44  Queen  
  43  3:46  Drone x2  
  47  3:49  Drone x2  
  47  3:50  Extractor  
  47  3:51  Drone  
  47  3:53  Zergling x4  
  51  3:59  Overlord  
  51  4:05  Overlord  
  51  4:07  Spore Crawler  
  50  4:10  Lair  
  50  4:12  Drone  
  50  4:14  Extractor, Drone x3  
  53  4:28  Roach x5  
  63  4:31  Roach  
  63  4:36  Roach  
  67  4:39  Roach  
  67  4:40  Zergling x8  
  67  4:41  Overlord  
  73  5:02  Roach x3  
  73  5:04  Zergling x4  
  81  5:07  Overlord x2  
  81  5:12  Pneumatized Carapace  
  81  5:13  Glial Reconstitution  
  81  5:32  Zergling x18  
  84  5:38  Zergling x18  
  91  5:51  Ravager x3  
  91  5:52  Zergling x8  
  98  5:59  Overlord  
  98  6:12  Overlord  
  98  6:16  Overlord x3  
  98  6:18  Ravager x3  
  98  6:20  Zergling x8  
  98  6:24  Zergling x6  
  103  6:28  Zergling x4  
  101  6:34  Zergling x8  
  101  6:38  Zergling x4  
  96  6:40  Zergling x2  
  96  6:41  Zergling x2  
  92  6:50  Zergling x10  
  93  6:56  Zergling x2  
  93  6:57  Zergling x6  
  93  7:00  Overlord  
  97  7:04  Overlord  
  97  7:06  Zergling x2  
  97  7:16  Zergling x6  
  97  7:22  Zergling x2  
Tags
 
Add a new tag
Caveats
  • Supply blocks, unpowered buildings, or Contaminate may cause inaccurate times.
  • Supply counts are checked every 10 seconds.